NWL (28 & UNDER)
SAN DIEGO SMASHERS @ RED DEER WRANGLERS
08/22/2024
 
TOP OF THE 1ST
San Diego Smashers batting - Pitching for Red Deer Wranglers : RHP Allen Collins
Pitching: RHP Allen Collins
Batting: RHB Manuel Muńóz 0-0: DOUBLE (Line Drive, 9LM)
Batting: RHB Francisco Castillo 0-0: Ball
1-0: Sac Bunt - play at first, batter OUT! 2-4
Manuel Muńóz to third
Batting: RHB Luis Martínez 0-0: Foul Ball, location: 2F
0-1: Ball
1-1: Ball
2-1: Foul Ball, location: 2F
2-2: DOUBLE (Line Drive, 78D)
Manuel Muńóz scores
Batting: LHB Jeffrey Bascombe 0-0: Foul Ball, location: 2F
0-1: Ground out 5-3 (Groundball, 56)
Batting: RHB Cisco Gatán 0-0: Called Strike
0-1: Ball
1-1: Ball
2-1: Swinging Strike
2-2: Strikes out swinging
Top of the 1st over - 1 run(s), 2 hit(s), 0 error(s), 1 left on base; San Diego 1 - Red Deer 0
BOTTOM OF THE 1ST
Red Deer Wranglers batting - Pitching for San Diego Smashers : LHP John Lawson
Pitching: LHP John Lawson
Batting: LHB Enrico Vargas 0-0: Fly out, F8 (Flyball, 8RM)
Batting: RHB Paul Swift 0-0: Fly out, F8 (Flyball, 8LXD)
Batting: RHB Todd Bryant 0-0: Fly out, F8 (Flyball, 8LD)
Bottom of the 1st over - 0 run(s), 0 hit(s), 0 error(s), 0 left on base; San Diego 1 - Red Deer 0
TOP OF THE 2ND
San Diego Smashers batting - Pitching for Red Deer Wranglers : RHP Allen Collins
Batting: RHB Iván De Jesús 0-0: Ground out 5-3 (Groundball, 56)
Batting: RHB Bill Savage 0-0: Swinging Strike
0-1: Ball
1-1: Ball
2-1: Fly out, F8 (Line Drive, 8LM)
Batting: SHB Adrián Nieto 0-0: Called Strike
0-1: Ground out 4-3 (Groundball, 4)
Top of the 2nd over - 0 run(s), 0 hit(s), 0 error(s), 0 left on base; San Diego 1 - Red Deer 0
BOTTOM OF THE 2ND
Red Deer Wranglers batting - Pitching for San Diego Smashers : LHP John Lawson
Batting: RHB Orlando Núńes 0-0: Called Strike
0-1: Ball
1-1: Foul Ball, location: 2F
1-2: Ball
2-2: Ball
3-2: Strikes out swinging
Batting: RHB Carlos Peńa 0-0: Ball
1-0: Called Strike
1-1: SINGLE (Line Drive, 34D)
Batting: LHB Andrew Veeck 0-0: Swinging Strike
0-1: Called Strike
0-2: Strikes out looking
Batting: LHB Max Duncan 0-0: Ball
1-0: Fly out, F6 (Line Drive, 6M)
Bottom of the 2nd over - 0 run(s), 1 hit(s), 0 error(s), 1 left on base; San Diego 1 - Red Deer 0
TOP OF THE 3RD
San Diego Smashers batting - Pitching for Red Deer Wranglers : RHP Allen Collins
Batting: RHB Gustavo Torres 0-0: SINGLE (Groundball, 6M)
Batting: RHB Manuel Muńóz 0-0: Ball
1-0: Ground out 5-3 (Groundball, 56S)
Gustavo Torres to second
Batting: RHB Francisco Castillo 0-0: Ball
1-0: Foul Ball, location: 2F
1-1: Called Strike
1-2: Ball
2-2: Foul Ball, location: 2F
2-2: SINGLE (Flyball, 8LS)
Gustavo Torres to third
Runner from 3rd tries for Home, SAFE, no throw or cutoff
Batting: RHB Luis Martínez 0-0: Called Strike
Francisco Castillo steals 2nd base
0-1: Ball
1-1: Ball
2-1: Called Strike
2-2: Reached on error, E6 (Groundball, 6)
Francisco Castillo to third
Batting: LHB Jeffrey Bascombe 0-0: Foul Ball, location: 2F
0-1: Ball
1-1: Called Strike
1-2: Strikes out swinging
Batting: RHB Cisco Gatán 0-0: SINGLE (Line Drive, 4D)
Francisco Castillo scores
Luis Martínez to second
Batting: RHB Iván De Jesús 0-0: Called Strike
0-1: Ball
1-1: Ball
2-1: Foul Ball, location: 2F
2-2: Ball
3-2: Foul Ball, location: 2F
3-2: Base on Balls
Luis Martínez to third
Cisco Gatán to second
Batting: RHB Bill Savage 0-0: Ball
1-0: Ball
2-0: Foul Ball, location: 2F
2-1: TRIPLE (Groundball, 3L)
Luis Martínez scores
Cisco Gatán scores
Iván De Jesús scores
Batting: SHB Adrián Nieto 0-0: Ball
1-0: Foul Ball, location: 2F
1-1: Called Strike
1-2: DOUBLE (Flyball, 78M)
Bill Savage scores
Batting: RHB Gustavo Torres 0-0: Ball
1-0: Ball
2-0: Called Strike
2-1: Reached on Error, E9 (Flyball, 89M)
Adrián Nieto scores
Batting: RHB Manuel Muńóz 0-0: Ball
1-0: Called Strike
1-1: Fly out, F4 (Popup, 3D)
Top of the 3rd over - 7 run(s), 5 hit(s), 2 error(s), 1 left on base; San Diego 8 - Red Deer 0
BOTTOM OF THE 3RD
Red Deer Wranglers batting - Pitching for San Diego Smashers : LHP John Lawson
Batting: LHB Jorge Olvera 0-0: Foul Ball, location: 2F
0-1: Ground out 4-3 (Groundball, 4)
Batting: RHB Oliver Harris 0-0: DOUBLE (Groundball, 5D)
Batting: LHB Enrico Vargas 0-0: Ball
1-0: Foul Ball, location: 2F
1-1: Swinging Strike
1-2: Strikes out swinging
Batting: RHB Paul Swift 0-0: Ball
1-0: Swinging Strike
1-1: SINGLE (Groundball, 6)
Oliver Harris to third
Runner from 3rd tries for Home, SAFE, no throw or cutoff
Batting: RHB Todd Bryant 0-0: Ball
1-0: Swinging Strike
1-1: Swinging Strike
1-2: Ball
2-2: Ground out 1-3 (Groundball, 15)
Bottom of the 3rd over - 1 run(s), 2 hit(s), 0 error(s), 1 left on base; San Diego 8 - Red Deer 1
TOP OF THE 4TH
San Diego Smashers batting - Pitching for Red Deer Wranglers : RHP Allen Collins
Pitching: RHP Daniel Recchi
Batting: RHB Francisco Castillo 0-0: SINGLE (Groundball, 56D)
Batting: RHB Luis Martínez 0-0: Foul Ball, location: 2F
0-1: Ball
1-1: Ball
2-1: Ball
3-1: SINGLE (Groundball, 34D)
Francisco Castillo to second
Runner from 2nd tries for 3rd, SAFE, no throw or cutoff
Batting: LHB Jeffrey Bascombe 0-0: Fly out, F7 (Flyball, 7M)
Runner from 3rd tags up, SCORES, no throw
Batting: RHB Cisco Gatán 0-0: Foul Ball, location: 2F
0-1: Called Strike
0-2: Strikes out swinging
Batting: RHB Iván De Jesús 0-0: Ball
1-0: Ball
2-0: Ball
3-0: Base on Balls
Luis Martínez to second
Batting: RHB Bill Savage 0-0: Called Strike
0-1: Ball
1-1: Ball
2-1: Ball
3-1: Base on Balls
Luis Martínez to third
Iván De Jesús to second
Batting: SHB Adrián Nieto 0-0: DOUBLE (Line Drive, 7LS)
Luis Martínez scores
Iván De Jesús scores
Bill Savage to third
Runner from 3rd tries for Home, SAFE, no throw or cutoff
Pitching: RHP Jeffery Lockhart
Batting: RHB Gustavo Torres 0-0: SINGLE (Groundball, 13) (infield hit)
Adrián Nieto to third
Batting: RHB Manuel Muńóz Pickoff Throw to First - Error! E1
Adrián Nieto scores
Gustavo Torres to second
0-0: Ball
1-0: Called Strike
1-1: Ball
2-1: Ball
3-1: Fly out, F4 (Popup, 4D)
Top of the 4th over - 5 run(s), 4 hit(s), 1 error(s), 1 left on base; San Diego 13 - Red Deer 1
BOTTOM OF THE 4TH
Red Deer Wranglers batting - Pitching for San Diego Smashers : LHP John Lawson
Batting: RHB Orlando Núńes 0-0: Called Strike
0-1: Ball
1-1: Called Strike
1-2: Foul Ball, location: 2F
1-2: Ball
2-2: Ball
3-2: Foul Ball, location: 2F
3-2: SINGLE (Line Drive, 9LM)
Batting: RHB Carlos Peńa 0-0: Ball
1-0: Swinging Strike
1-1: Called Strike
Orlando Núńes steals 2nd base
1-2: Strikes out swinging
Batting: LHB Andrew Veeck 0-0: SINGLE (Line Drive, 3D)
Orlando Núńes to third
Runner from 3rd tries for Home, SAFE, throw made home
Andrew Veeck to second
Batting: LHB Max Duncan 0-0: Swinging Strike
0-1: Ground out 4-3 (Groundball, 4)
Andrew Veeck to third
Batting: LHB Jorge Olvera 0-0: Ball
1-0: Ball
2-0: Ball
3-0: Called Strike
3-1: Foul Ball, location: 2F
3-2: Base on Balls
Batting: RHB Oliver Harris 0-0: Called Strike
0-1: Ball
1-1: Ground out 4-3 (Groundball, 13)
Bottom of the 4th over - 1 run(s), 2 hit(s), 0 error(s), 2 left on base; San Diego 13 - Red Deer 2
TOP OF THE 5TH
San Diego Smashers batting - Pitching for Red Deer Wranglers : RHP Jeffery Lockhart
Batting: RHB Francisco Castillo 0-0: Called Strike
0-1: Ball
1-1: Ball
2-1: Ball
3-1: Swinging Strike
3-2: SINGLE (Groundball, 56)
Batting: RHB Luis Martínez 0-0: Foul Ball, location: 2F
0-1: Ball
1-1: Swinging Strike
1-2: Ball
2-2: Foul Ball, location: 2F
2-2: Hit by Pitch
Francisco Castillo to second
Batting: LHB Jeffrey Bascombe 0-0: Called Strike
0-1: Called Strike
0-2: Foul Ball, location: 2F
0-2: DOUBLE (Groundball, 3L)
Francisco Castillo scores
Luis Martínez to third
Batting: RHB Cisco Gatán 0-0: Called Strike
0-1: Foul Ball, location: 2F
0-2: Ball
1-2: SINGLE (Groundball, 34D)
Luis Martínez scores
Jeffrey Bascombe to third
Batting: RHB Iván De Jesús 0-0: Foul Ball, location: 2F
0-1: Fly out, F9 (Flyball, 9LM)
Runner from 3rd tags up, SCORES, throw made
Batting: RHB Bill Savage 0-0: Fielders Choice at 2nd, 4-6 (Groundball, 34)
Batting: SHB Adrián Nieto 0-0: Ball
1-0: Ground out 4-3 (Groundball, 4)
Top of the 5th over - 3 run(s), 3 hit(s), 0 error(s), 1 left on base; San Diego 16 - Red Deer 2
BOTTOM OF THE 5TH
Red Deer Wranglers batting - Pitching for San Diego Smashers : LHP John Lawson
Batting: LHB Enrico Vargas 0-0: Ball
1-0: Ball
2-0: Fly out, F8 (Line Drive, 8LM)
Batting: RHB Paul Swift 0-0: Ball
1-0: Ball
2-0: Ball
3-0: Called Strike
3-1: SINGLE (Line Drive, 6D)
Batting: RHB Todd Bryant 0-0: Ball
1-0: Foul Ball, location: 2F
1-1: Called Strike
1-2: Foul Ball, location: 2F
1-2: SINGLE (Groundball, 56D)
Paul Swift to second
Batting: RHB Orlando Núńes 0-0: SINGLE (Groundball, 56D)
Paul Swift to third
Todd Bryant to second
Runner from 3rd tries for Home, SAFE, no throw or cutoff
Batting: RHB Carlos Peńa 0-0: Called Strike
0-1: Fly out, F8 (Flyball, 8LM)
Batting: LHB Andrew Veeck 0-0: Foul Ball, location: 2F
0-1: Ball
1-1: Fielders Choice at 2nd, U6 (Groundball, 6M)
Bottom of the 5th over - 1 run(s), 3 hit(s), 0 error(s), 2 left on base; San Diego 16 - Red Deer 3
TOP OF THE 6TH
San Diego Smashers batting - Pitching for Red Deer Wranglers : RHP Jeffery Lockhart
Pitching: RHP Alejandro Arriaza
Batting: RHB Gustavo Torres 0-0: Called Strike
0-1: Ball
1-1: SINGLE (Groundball, 6D)
Batting: RHB Manuel Muńóz 0-0: Ball
1-0: Foul Ball, location: 2F
1-1: Ball
2-1: Swinging Strike
2-2: Strikes out swinging
Batting: RHB Francisco Castillo 0-0: Called Strike
Gustavo Torres steals 2nd base
0-1: Ball
1-1: Ball
2-1: Ball
3-1: Base on Balls
Batting: RHB Luis Martínez 0-0: Ball
1-0: Ball
2-0: Called Strike
2-1: Foul Ball, location: 2F
2-2: Foul Ball, location: 2F
2-2: Foul Ball, location: 2F
2-2: Foul Ball, location: 2F
2-2: Ball
3-2: Foul Ball, location: 2F
3-2: Foul Ball, location: 2F
3-2: Base on Balls
Gustavo Torres to third
Francisco Castillo to second
Batting: LHB Jeffrey Bascombe 0-0: Ball
1-0: Swinging Strike
1-1: Foul Ball, location: 2F
1-2: Ball
2-2: SINGLE (Groundball, 4MD)
Gustavo Torres scores
Francisco Castillo to third
Luis Martínez to second
Runner from 3rd tries for Home, throw and OUT!
Batting: RHB Cisco Gatán 0-0: Called Strike
0-1: Swinging Strike
0-2: Strikes out looking
Top of the 6th over - 1 run(s), 2 hit(s), 0 error(s), 2 left on base; San Diego 17 - Red Deer 3
BOTTOM OF THE 6TH
Red Deer Wranglers batting - Pitching for San Diego Smashers : LHP John Lawson
Batting: LHB Max Duncan 0-0: Called Strike
0-1: Ball
1-1: Ball
2-1: Fly out, F3 (Line Drive, 3S)
Batting: LHB Jorge Olvera 0-0: Called Strike
0-1: Ball
1-1: Foul Ball, location: 2F
1-2: Ball
2-2: Foul Ball, location: 2F
2-2: Ball
3-2: Fly out, F7 (Line Drive, 78S)
Batting: RHB Oliver Harris 0-0: Ball
1-0: Ball
2-0: Ball
3-0: Called Strike
3-1: Base on Balls
Batting: LHB Enrico Vargas 0-0: Called Strike
0-1: Ground out 4-3 (Groundball, 4)
Bottom of the 6th over - 0 run(s), 0 hit(s), 0 error(s), 1 left on base; San Diego 17 - Red Deer 3
TOP OF THE 7TH
San Diego Smashers batting - Pitching for Red Deer Wranglers : RHP Alejandro Arriaza
Batting: RHB Iván De Jesús 0-0: Ball
1-0: Fly out, F5 (Popup, 5F)
Batting: RHB Bill Savage 0-0: Foul Ball, location: 2F
0-1: Ground out 6-3 (Groundball, 6M)
Batting: SHB Adrián Nieto 0-0: Ball
1-0: Foul Ball, location: 2F
1-1: Ball
2-1: Fly out, F6 (Line Drive, 6M)
Top of the 7th over - 0 run(s), 0 hit(s), 0 error(s), 0 left on base; San Diego 17 - Red Deer 3
BOTTOM OF THE 7TH
Red Deer Wranglers batting - Pitching for San Diego Smashers : LHP John Lawson
Batting: RHB Paul Swift 0-0: Fly out, F4 (Line Drive, 4M)
Batting: RHB Todd Bryant 0-0: Called Strike
0-1: Ball
1-1: Ball
2-1: Ball
3-1: Fly out, F8 (Flyball, 8LXD)
Batting: RHB Orlando Núńes 0-0: Ball
1-0: Foul Ball, location: 2F
1-1: Foul Ball, location: 2F
1-2: Ball
2-2: Ball
3-2: Foul Ball, location: 2F
3-2: Base on Balls
Pitching: LHP Jerry Green
Batting: RHB Carlos Peńa 0-0: Ball
Wild Pitch!
Orlando Núńes to second
1-0: Swinging Strike
1-1: SINGLE (Flyball, 9S)
Orlando Núńes to third
Runner from 3rd tries for Home, SAFE, throw made home
Batting: LHB Andrew Veeck 0-0: Called Strike
Carlos Peńa steals 2nd base
0-1: Foul Ball, location: 2F
0-2: Fly out, F7 (Line Drive, 5D)
Bottom of the 7th over - 1 run(s), 1 hit(s), 0 error(s), 1 left on base; San Diego 17 - Red Deer 4
TOP OF THE 8TH
San Diego Smashers batting - Pitching for Red Deer Wranglers : RHP Alejandro Arriaza
Pitching: RHP Douglas Louch
Batting: RHB Gustavo Torres 0-0: Ball
1-0: Ball
2-0: Ground out 5-3 (Groundball, 56)
Batting: RHB Manuel Muńóz 0-0: Ball
1-0: Ball
2-0: Swinging Strike
2-1: Ball
3-1: Foul Ball, location: 2F
3-2: Base on Balls
Pinch Hitting: RHB Griswold Coleman 0-0: Ball
1-0: Ball
2-0: Foul Ball, location: 2F
2-1: Ball
3-1: Base on Balls
Manuel Muńóz to second
Batting: RHB Luis Martínez 0-0: Ball
1-0: Grounds into double play, 6-4-3 (Groundball, 6)
Top of the 8th over - 0 run(s), 0 hit(s), 0 error(s), 1 left on base; San Diego 17 - Red Deer 4
BOTTOM OF THE 8TH
Red Deer Wranglers batting - Pitching for San Diego Smashers : LHP Jerry Green
Now in CF: Brian Price
Batting: LHB Max Duncan 0-0: DOUBLE (Line Drive, 9LS)
Batting: LHB Jorge Olvera 0-0: Called Strike
0-1: Foul Ball, location: 2F
0-2: Strikes out swinging
Pinch Hitting: RHB Francisco López 0-0: 2-RUN HOME RUN (Flyball, 7D), Distance : 355 ft
Batting: LHB Enrico Vargas 0-0: Foul Ball, location: 2F
0-1: Ball
1-1: Ground out 4-3 (Groundball, 4M)
Batting: RHB Paul Swift 0-0: Foul Ball, location: 2F
0-1: Foul Ball, location: 2F
0-2: Foul Ball, location: 2F
0-2: Foul Ball, location: 2F
0-2: Foul Ball, location: 2F
0-2: Foul Ball, location: 2F
0-2: Fly out, F8 (Flyball, 8LXD)
Bottom of the 8th over - 2 run(s), 2 hit(s), 0 error(s), 0 left on base; San Diego 17 - Red Deer 6
TOP OF THE 9TH
San Diego Smashers batting - Pitching for Red Deer Wranglers : RHP Douglas Louch
Now at 1B: Francisco López
Batting: LHB Jeffrey Bascombe 0-0: Foul Ball, location: 2F
0-1: Ball
1-1: Ball
2-1: DOUBLE (Line Drive, 7LM)
Batting: RHB Cisco Gatán 0-0: Ball
1-0: Called Strike
1-1: Ball
2-1: Foul Ball, location: 2F
2-2: SINGLE (Groundball, 56D)
Jeffrey Bascombe to third
Batting: RHB Iván De Jesús 0-0: Ball
1-0: Ball
2-0: Called Strike
2-1: Ball
3-1: Base on Balls
Cisco Gatán to second
Batting: RHB Bill Savage 0-0: Called Strike
0-1: Fielders Choice at 2nd, 6-4 (Groundball, 6M)
Jeffrey Bascombe scores
Cisco Gatán to third
Batting: SHB Adrián Nieto 0-0: Ball
1-0: Fly out, F9 (Line Drive, 89S)
Batting: RHB Gustavo Torres 0-0: Foul Ball, location: 2F
0-1: Ball
1-1: Ball
2-1: Swinging Strike
2-2: Ball
3-2: Foul Ball, location: 2F
3-2: Base on Balls
Bill Savage to second
Batting: RHB Manuel Muńóz 0-0: Called Strike
0-1: Ball
1-1: Called Strike
1-2: SINGLE (Line Drive, 7LS)
Cisco Gatán scores
Bill Savage to third
Gustavo Torres to second
Runner from 3rd tries for Home, SAFE, no throw or cutoff
Batting: SHB Brian Price 0-0: Hit by Pitch
Gustavo Torres to third
Manuel Muńóz to second
Batting: RHB Luis Martínez 0-0: Called Strike
0-1: Swinging Strike
0-2: Strikes out swinging
Top of the 9th over - 3 run(s), 3 hit(s), 0 error(s), 3 left on base; San Diego 20 - Red Deer 6
BOTTOM OF THE 9TH
Red Deer Wranglers batting - Pitching for San Diego Smashers : LHP Jerry Green
Now at C: John Bryant
Now at SS: José González
Batting: RHB Todd Bryant 0-0: SOLO HOME RUN (Line Drive, 9D), Distance : 349 ft
Batting: RHB Orlando Núńes 0-0: Ball
1-0: Swinging Strike
1-1: Foul Ball, location: 2F
1-2: Strikes out swinging
Batting: RHB Carlos Peńa 0-0: Called Strike
0-1: Ball
1-1: Called Strike
1-2: Ball
2-2: Foul Ball, location: 2F
2-2: Foul Ball, location: 2F
2-2: Ball
3-2: Base on Balls
Batting: LHB Andrew Veeck 0-0: Ball
1-0: Foul Ball, location: 2F
1-1: Called Strike
1-2: Strikes out swinging
Batting: LHB Max Duncan 0-0: Called Strike
0-1: Ball
1-1: Foul Ball, location: 2F
1-2: Strikes out swinging
Bottom of the 9th over - 1 run(s), 1 hit(s), 0 error(s), 1 left on base; San Diego 20 - Red Deer 7
This league is powered by Out of the Park Baseball, the baseball management simulation game for PC, Mac and Linux
Saturday, April 9th, 2016 - OOTP Baseball 16.8 Build 38